 Dungeon Sprint DCSS version 0.27-a0-1186-g8b4daa1eef (webtiles) character file.

Game seed: 14393729376737420211

24220 rocky1 the Peltast (level 13, -7/141 HPs)
             Began as a Gargoyle Fighter on May 20, 2021.
             Was the Champion of Okawaru.
             Mangled by a spark wasp (16 damage)
             ... in the Dungeon (Sprint IX: "|||||||||||||||||||||||||||||").
             The game lasted 00:12:39 (2556 turns).

rocky1 the Peltast (Gargoyle Fighter)               Turns: 2556, Time: 00:12:39

Health: -7/141     AC: 39    Str: 35    XL:     13   Next: 11%
Magic:  0/21       EV: 15    Int:  9    God:    Okawaru [******]
Gold:   120        SH: 27    Dex: 10    Spells: 12/12 levels left

rFire    . . .     SeeInvis .   B - +6 flail of the Three Spirits {vorpal, *Noise Str+8}
rCold    . . .     Faith    .   J - +1 tower shield
rNeg     + + .     Spirit   +   E - +1 plate armour {rN+}
rPois    ∞         Reflect  .   A - +0 helmet
rElec    +         Harm     .   F - +2 cloak {Will+}
rCorr    .         Rampage  .   a - +0 pair of gloves
Will     +....     NoTele   +   z - +2 pair of boots {Stlth+}
Stlth    ..........             D - amulet of guardian spirit
HPRegen  0.33/turn              q - +3 ring of strength
MPRegen  0.17/turn              p - +2 ring of evasion

@: berserking (expiring), heroic, very quick
A: sickness immunity, AC +9, negative energy resistance 1, electricity
resistance, torment resistance 1, petrification resistance
a: Renounce Religion, Heroism, Finesse


You were in the Dungeon.
You worshipped Okawaru.
Okawaru was exalted by your worship.
You visited 1 branch You collected 1840 gold pieces.
You spent 1720 gold pieces at shops.

Inventory:

Hand Weapons
 i - a +1 whip of venom
 m - a +2 morningstar of protection
 n - a +2 demon whip of venom
 B - the +6 flail of the Three Spirits (weapon) {vorpal, *Noise Str+8}
   (Okawaru gifted it to you in the Dungeon)

   It inflicts extra damage upon your enemies.
   It affects your strength (+8).
   It may make noises in combat.
Missiles
 b - a curare-tipped dart (quivered)
Armour
 a - a +0 pair of gloves (worn)
 c - a +0 kite shield
 z - a +2 pair of boots of stealth (worn)
 A - a +0 helmet (worn)
 E - a +1 plate armour of positive energy (worn)
 F - a +2 cloak of willpower (worn)
 J - a +1 tower shield (worn)
Jewellery
 p - a +2 ring of evasion (right hand)
 q - a +3 ring of strength (left hand)
 D - an amulet of guardian spirit (around neck)
 G - a ring of protection from fire
 H - a ring of fire
 I - a ring of ice
Wands
 l - a wand of acid (6)
Scrolls
 j - 3 scrolls of blinking
 k - 2 scrolls of amnesia
 t - a scroll of silence
 u - 4 scrolls of enchant armour
 v - 6 scrolls of enchant weapon
 w - 4 scrolls of fog
 y - 3 scrolls of torment
Potions
 d - 4 potions of might
 e - 10 potions of curing
 f - 2 potions of heal wounds
 g - 3 potions of haste
 h - 4 potions of magic
 r - a potion of brilliance
 s - a potion of resistance
 x - 5 potions of mutation
 C - a potion of invisibility


   Skills:
 + Level 16.3(21.3) Fighting
 - Level 14.6(19.6) Maces & Flails
 + Level 12.6(17.6) Armour
 + Level 9.6(14.6) Dodging
 + Level 16.4(21.4) Shields
 + Level 11.7 Invocations
 + Level 10.1 Evocations


You had 12 spell levels left.
You didn't know any spells.
Your spell library was empty.

Dungeon Overview and Level Annotations

Branches:
Dungeon (1/1)

Altars:
Cheibriados
Dithmenos
Elyvilon
Fedhas
Gozag
Hepliaklqana
Kikubaaqudgha
Makhleb
Nemelex Xobeh
Okawaru
Qazlal
Ru
Sif Muna
Trog
Uskayaw
Vehumet
Wu Jian
Xom
Yredelemnul
Zin
The Shining One
Beogh
Jiyva
Lugonu

Shops:
D =![*


Innate Abilities, Weirdness & Mutations

You are immune to sickness and miasma.
Your stone body is resilient. (AC +9)
You are immune to poison.
You resist negative energy. (rN+)
You are resistant to electric shocks. (rElec)
You are resistant to unholy torment.
You are immune to petrification.


Message History

Okawaru accepts your kill.
A tengu warrior comes into view. It is wielding a +0 war axe.
The rakshasa gestures at you. The lance of force misses you.
The lance of force hits the ettin!
The ettin is knocked back by the lance of force.
The ettin collides with the ettin!
Things that are here:
a +0 hand axe; a +0 leather armour; a catoblepas corpse Your plate armour prevents you from hitting the ettin.
The ettin is heavily wounded.
The ettin hits you but does no damage. You block the ettin's attack.
You pound the ettin like an anvil!!!
You kill the ettin!
Okawaru accepts your kill.
Your Evocations skill increases to level 10!
You bludgeon the ettin!!
The ettin is heavily wounded.
You thump the ettin!
The ettin is severely wounded.
The rakshasa gestures at you. The lance of force hits you!
* * * LOW HITPOINT WARNING * * *
You are knocked back by the lance of force.
You collide with the ettin!
* * * LOW HITPOINT WARNING * * *
You block the ettin's attack. x2
You sock the ettin!
You kill the ettin!
Okawaru is honoured by your kill.
You barely miss the spark wasp.
The rakshasa blinks!
You block the spark wasp's attack.
You closely miss the rakshasa. You bludgeon the rakshasa!!
The rakshasa is heavily wounded.
You block the spark wasp's attack.
The rakshasa weaves an illusion.
You completely miss the rakshasa.
The rakshasa is heavily wounded.
The spark wasp stings you!!
You die...

.[[....'.((.....†.†††........÷†..
▓▓▓▓▓▓▓▓▓▓▓▓▓▓▓▓▓▓▓▓▓▓▓▓▓▓▓▓▓▓▓▓▓
.................................
▓▓▓▓▓▓▓▓▓▓▓▓▓▓▓▓▓▓▓▓▓▓▓▓▓▓▓▓▓▓▓▓▓
...'...)[∩[∩.∩.∩..)[))...))))))))
▓▓▓▓▓▓▓▓▓▓▓▓▓▓▓▓▓▓▓▓▓▓▓▓▓▓▓▓▓▓▓▓▓
.................................
▓▓▓▓▓▓▓▓▓▓▓▓▓▓▓▓▓▓▓▓▓▓▓▓▓▓▓▓▓▓▓▓▓
,,,+,,,,,...Qyyy@R))..........[[[
*********▓▓▓▓▓▓▓▓▓▓▓▓▓▓▓▓▓▓▓▓▓▓▓▓
,,,,,,,,,,,,,,,,,,,,,,,,,,,,,,,,,
*********************************
,,,,,,+,,,,,,,,,+,,,,,,,,,+,,,,,,
*********************************
,,,,,,,,,,,,,,,,,,,,,,,,,,,,,,,,,
*********************************
,,,+,,,,,,,,,,,,,,,,,,,,,+,,,,,,,


You could see a rakshasa, a spark wasp, a tengu warrior and 2 vampire
mosquitoes.

Vanquished Creatures
  2 ettins (D)
  A boulder beetle (D)
  4 hydras (D)
  A centaur warrior (D)
  6 catoblepae (D)
  5 two-headed ogres (D)
  4 ogre magi (D)
  Erica (D)
  A tengu warrior (D)
  3 death yaks (D)
  A lindwurm (D)
  A cyclops (D)
  A manticore (D)
  A black mamba (D)
  A cane toad (D)
  A komodo dragon (D)
  A meliai (D)
  2 trolls (D)
  A dream sheep (D)
  A wyvern (D)
  A vampire (D)
  A basilisk (D)
  2 yaks (D)
  An acid dragon (D)
  3 water moccasins (D)
  10 orc warriors (D)
  A black bear (D)
  5 ogres (D)
  A wolf (D)
  2 bullfrogs (D)
  A kobold brigand (D)
  2 scorpions (D)
  A gnoll sergeant (D)
  3 orc priests (D)
  A gnoll shaman (D)
  A hell rat (D)
  4 orc wizards (D)
  An adder (D)
  8 orcs (D)
  A giant cockroach (D)
  A goblin (D)
  A hobgoblin (D)
  A ball python (D)
  A quokka zombie (D)
  A rat (D)
94 creatures vanquished.

Vanquished Creatures (others)
  A hydra (D)
1 creature vanquished.

Grand Total: 95 creatures vanquished

Notes
Turn   | Place    | Note
-------+----------+-------------------------------------------
     0 | D        | rocky1 the Gargoyle Fighter began the quest for the Orb.
     0 | D        | Reached XP level 1. HP: 14/14 MP: 1/1
   120 | D        | Noticed an ogre
   120 | D        | Noticed a scorpion
   120 | D        | Noticed a scorpion
   124 | D        | Killed a scorpion
   125 | D        | Reached skill level 5 in Fighting
   125 | D        | Reached skill level 5 in Maces & Flails
   125 | D        | Reached XP level 2. HP: 21/21 MP: 2/2
   125 | D        | Reached XP level 3. HP: 26/26 MP: 3/3
   125 | D        | Reached XP level 4. HP: 31/31 MP: 4/4
   126 | D        | Killed a scorpion
   127 | D        | Reached XP level 5. HP: 37/37 MP: 5/5
   130 | D        | Killed an ogre
   132 | D        | Reached XP level 6. HP: 44/44 MP: 6/6
   139 | D        | Found a snail-covered altar of Cheibriados.
   139 | D        | Found a shadowy altar of Dithmenos.
   139 | D        | Found a white marble altar of Elyvilon.
   139 | D        | Found a blossoming altar of Fedhas.
   139 | D        | Found an opulent altar of Gozag.
   140 | D        | Found a hazy altar of Hepliaklqana.
   141 | D        | Found a viscous altar of Jiyva.
   142 | D        | Found an ancient bone altar of Kikubaaqudgha.
   143 | D        | Found a corrupted altar of Lugonu.
   144 | D        | Found a burning altar of Makhleb.
   145 | D        | Found a sparkling altar of Nemelex Xobeh.
   146 | D        | Found an iron altar of Okawaru.
   147 | D        | Found a stormy altar of Qazlal.
   148 | D        | Found a sacrificial altar of Ru.
   149 | D        | Found a shimmering blue altar of Sif Muna.
   150 | D        | Found a bloodstained altar of Trog.
   151 | D        | Found a hide-covered altar of Uskayaw.
   152 | D        | Found a radiant altar of Vehumet.
   155 | D        | Found an ornate altar of the Wu Jian Council.
   156 | D        | Became a worshipper of Warmaster Okawaru
   157 | D        | Found a shimmering altar of Xom.
   158 | D        | Found a basalt altar of Yredelemnul.
   159 | D        | Found a glowing silver altar of Zin.
   160 | D        | Found a glowing golden altar of the Shining One.
   215 | D        | Noticed a vampire
   215 | D        | Noticed a yak
   215 | D        | Noticed a troll
   224 | D        | Reached skill level 1 in Invocations
   224 | D        | Reached skill level 1 in Evocations
   229 | D        | Killed a troll
   229 | D        | Reached * piety under Okawaru
   229 | D        | Killed a yak
   230 | D        | Reached XP level 7. HP: 48/51 MP: 6/10
   237 | D        | Reached ** piety under Okawaru
   240 | D        | Reached skill level 5 in Invocations
   244 | D        | Killed a vampire
   245 | D        | Reached skill level 10 in Shields
   351 | D        | Noticed a four-headed hydra
   351 | D        | Noticed a manticore
   351 | D        | Noticed a troll
   351 | D        | Noticed a cyclops
   351 | D        | Noticed a boulder beetle
   363 | D        | Killed a cyclops
   364 | D        | Reached skill level 10 in Fighting
   364 | D        | Reached skill level 5 in Evocations
   364 | D        | Reached XP level 8. HP: 51/57 MP: 10/12
   366 | D        | Killed a troll
   368 | D        | Killed a boulder beetle
   368 | D        | Reached *** piety under Okawaru
   368 | D        | Reached **** piety under Okawaru
   369 | D        | Reached skill level 10 in Maces & Flails
   369 | D        | Reached XP level 9. HP: 47/64 MP: 10/15
   373 | D        | Killed a manticore
   373 | D        | Reached ***** piety under Okawaru
   382 | D        | Killed a four-headed hydra
   619 | D        | Noticed a black mamba
   619 | D        | Noticed a cane toad
   619 | D        | Noticed a five-headed hydra
   622 | D        | Noticed a five-headed hydra
   627 | D        | Killed a five-headed hydra
   627 | D        | Received a gift from Okawaru
   628 | D        | Reached skill level 1 in Dodging
   628 | D        | Reached XP level 10. HP: 29/71 MP: 14/17
   630 | D        | Noticed a six-headed hydra
   633 | D        | Killed a cane toad
   634 | D        | Reached skill level 10 in Invocations
   642 | D        | Killed a five-headed hydra
   643 | D        | Reached skill level 5 in Armour
   647 | D        | Killed a six-headed hydra
   663 | D        | Killed a black mamba
  1014 | D        | Noticed a lindwurm
  1034 | D        | Killed a lindwurm
  1035 | D        | Reached XP level 11. HP: 50/78 MP: 17/19
  1446 | D        | Noticed a catoblepas
  1446 | D        | Noticed a catoblepas
  1446 | D        | Noticed a catoblepas
  1446 | D        | Noticed a death yak
  1446 | D        | Noticed a catoblepas
  1446 | D        | Noticed a death yak
  1452 | D        | Killed a death yak
  1453 | D        | Reached skill level 5 in Dodging
  1456 | D        | Noticed a death yak
  1467 | D        | Killed a catoblepas
  1474 | D        | Killed a death yak
  1481 | D        | Killed a catoblepas
  1481 | D        | Received a gift from Okawaru
  1488 | D        | Killed a catoblepas
  1496 | D        | Killed a catoblepas
  1504 | D        | Killed a death yak
  2025 | D        | Received a gift from Okawaru
  2036 | D        | Reached XP level 12. HP: 86/86 MP: 15/20
  2043 | D        | Reached skill level 10 in Armour
  2101 | D        | Found Nithran's General Store.
  2101 | D        | Noticed an ogre mage
  2101 | D        | Noticed a two-headed ogre
  2101 | D        | Noticed a two-headed ogre
  2101 | D        | Noticed a two-headed ogre
  2101 | D        | Noticed a two-headed ogre
  2109 | D        | Killed a two-headed ogre
  2110 | D        | Reached skill level 15 in Shields
  2113 | D        | Killed a two-headed ogre
  2116 | D        | Killed a two-headed ogre
  2117 | D        | Reached skill level 15 in Fighting
  2121 | D        | Killed a two-headed ogre
  2122 | D        | Found Voan's Armour Shop.
  2125 | D        | Killed an ogre mage
  2135 | D        | Found Peacofy's Distillery.
  2138 | D        | Found Ysiyrij's Jewellery Shop.
  2139 | D        | Noticed a two-headed ogre
  2140 | D        | Noticed an ogre mage
  2141 | D        | Noticed an ogre mage
  2142 | D        | Noticed an ogre mage
  2146 | D        | Killed a two-headed ogre
  2146 | D        | Identified the +6 flail of the Three Spirits {vorpal,
                  | *Noise Str+8} (Okawaru gifted it to you in the Dungeon)
  2146 | D        | Received a gift from Okawaru
  2158 | D        | Killed an ogre mage
  2163 | D        | Killed an ogre mage
  2169 | D        | Killed an ogre mage
  2294 | D        | Bought an amulet of guardian spirit for 300 gold pieces
  2300 | D        | Bought a +1 plate armour of positive energy for 320 gold
                  | pieces
  2300 | D        | Bought a +2 cloak of willpower for 215 gold pieces
  2324 | D        | Bought a potion of might for 56 gold pieces
  2324 | D        | Bought a scroll of magic mapping for 49 gold pieces
  2329 | D        | Bought a potion of mutation for 96 gold pieces
  2329 | D        | Bought 2 potions of mutation for 192 gold pieces
  2329 | D        | Bought a potion of curing for 36 gold pieces
  2329 | D        | Bought a potion of berserk rage for 60 gold pieces
  2329 | D        | Bought a potion of curing for 36 gold pieces
  2329 | D        | Bought a potion of haste for 120 gold pieces
  2329 | D        | Bought a potion of might for 48 gold pieces
  2329 | D        | Bought a potion of invisibility for 96 gold pieces
  2329 | D        | Bought a potion of mutation for 96 gold pieces
  2394 | D        | Noticed Erica
  2403 | D        | Killed Erica
  2496 | D        | Noticed a catoblepas
  2496 | D        | Noticed a four-headed hydra
  2496 | D        | Noticed a catoblepas
  2496 | D        | Noticed a centaur warrior
  2496 | D        | Noticed a tengu warrior
  2508 | D        | Killed a tengu warrior
  2510 | D        | Noticed a rakshasa
  2513 | D        | Killed a centaur warrior
  2519 | D        | Killed a catoblepas
  2525 | D        | Noticed an ettin
  2526 | D        | Killed a four-headed hydra
  2528 | D        | Noticed an ettin
  2533 | D        | Noticed a spark wasp
  2534 | D        | Killed a catoblepas
  2535 | D        | Reached XP level 13. HP: 21/93 MP: 4/21
  2549 | D        | Killed an ettin
  2550 | D        | Reached skill level 10 in Evocations
  2552 | D        | Killed an ettin
  2552 | D        | Reached ****** piety under Okawaru
  2556 | D        | Mangled by a spark wasp

Illustrated notes

Levels and vault maps discovered:
D:        linesprint [early_d, line_temple, items_1, d_10, items_2, lair_1,
          lair_end, items_3, orc_1, orc_end, items_4, d_15, swamp_1, shoals_1,
          snake_1, spider_1, d_20, vaults_1, items_5, swamp_end, shoals_end,
          snake_end, spider_end, vaults_end, d_27, items_6, zot_1, zot_end,
          crypt_end, forest_end, elf_end, slime_end, tomb_end, abyss_end,
          pan_hell_end]

Skill      XL: |  1  2  3  4  5  6  7  8  9 10 11 12 13 |
---------------+----------------------------------------+-----
Shields        | 6 7 8 9 10 11 12 13 14 16 | 16.4
Maces & Flails | 5 6 7 8 9 10 11 12 13 14 | 14.6
Fighting       | 5 6 7 9 10 11 12 13 14 16 | 16.3
Invocations    | 4 6 8 9 10 11 | 11.7
Evocations     | 3 5 6 8 9 10 | 10.1
Armour         | 4 6 9 12 | 12.6
Dodging        | 1 4 7 9 |  9.6

Action                   |  1- 3 |  4- 6 |  7- 9 | 10-12 | 13-15 || total
-------------------------+-------+-------+-------+-------+-------++-------
Melee: Flail             |    13 |     8 |       |    39 |    19 ||    79
       Morningstar       |       |    10 |    45 |   273 |       ||   328
Invok: Heroism           |       |       |     2 |     6 |       ||     8
       Finesse           |       |       |       |     4 |       ||     4
Evoke: Wand              |       |     2 |     2 |       |       ||     4
  Use: Potion            |     1 |     1 |     2 |     1 |     2 ||     7
       Scroll            |       |       |       |     1 |       ||     1
 Stab: Invisible         |       |     1 |       |       |       ||     1
       Petrified         |       |       |       |    12 |       ||    12
       Petrifying        |       |       |       |     2 |       ||     2
Armor: Scale mail        |     1 |     7 |    32 |    49 |       ||    89
       Plate armour      |       |       |       |     8 |     1 ||     9
Dodge: Dodged            |     5 |     8 |    14 |    43 |     4 ||    74
Block: Kite shield       |     8 |    17 |    30 |    79 |       ||   134
       Tower shield      |       |       |       |    20 |    23 ||    43

Table legend: (Time is in decaauts)
 A = Elapsed time spent in this place.
 B = Non-inter-level travel time spent in this place.
 C = Inter-level travel time spent in this place.
 D = Time resting spent in this place.
 E = Time spent auto-exploring this place.
 F = Levels seen in this place.
 G = Mean time per level.
                   A        B        C        D        E       F      G
               +--------+--------+--------+--------+--------+-----+--------+
         Total |   2391 |   2391 |      0 |   1305 |      0 |   1 | 2391.0 |
       Dungeon |   2391 |   2391 |      0 |   1305 |      0 |   1 | 2391.0 |
               +--------+--------+--------+--------+--------+-----+--------+

Top non-repeatable levels by time:
       D: 2391 daAuts
